MWL (24 & UNDER)
GRIM REAPERS @ MANHATTEN MEATHEADS
06/08/2028
 
TOP OF THE 1ST
Grim Reapers batting - Pitching for Manhatten Meatheads : LHP Gerardo González
Pitching: LHP Gerardo González
Batting: LHB Jesús Rojas 0-0: Foul Ball, location: 2F
0-1: Foul Ball, location: 2F
0-2: Ball
1-2: Fly out, F9 (Flyball, 9S)
Batting: RHB Jeremiah Ward 0-0: Ball
1-0: Ball
2-0: Called Strike
2-1: Ground out 5-3 (Groundball, 56)
Batting: RHB Micheal Banks 0-0: Called Strike
0-1: Ball
1-1: Ball
2-1: Ball
3-1: Base on Balls
Batting: RHB Roberto Villela 0-0: Called Strike
0-1: SINGLE (Groundball, 6MD)
Micheal Banks to second
Batting: SHB Sean Moody 0-0: Called Strike
0-1: Ball
1-1: Ball
2-1: Ball
3-1: Called Strike
3-2: Strikes out swinging
Top of the 1st over - 0 run(s), 1 hit(s), 0 error(s), 2 left on base; Grim 0 - Manhatten 0
BOTTOM OF THE 1ST
Manhatten Meatheads batting - Pitching for Grim Reapers : RHP Elijah Justice
Pitching: RHP Elijah Justice
Batting: SHB José Sousa 0-0: Called Strike
0-1: Swinging Strike
0-2: Foul Ball, location: 2F
0-2: Strikes out looking
Batting: RHB George Green 0-0: Called Strike
0-1: Fly out, F9 (Flyball, 89M)
Batting: LHB Miguel Pérez 0-0: Ball
1-0: Ball
2-0: Swinging Strike
2-1: Foul Ball, location: 2F
2-2: Foul Ball, location: 2F
2-2: Ball
3-2: Base on Balls
Batting: SHB António Ramírez 0-0: Ball
1-0: Foul Ball, location: 2F
1-1: Called Strike
1-2: Ball
2-2: Ball
3-2: Foul Ball, location: 2F
3-2: DOUBLE (Line Drive, 9)
Miguel Pérez to third
Miguel Pérez scores
Batting: RHB Tim Bonner 0-0: Ball
1-0: Called Strike
1-1: Called Strike
1-2: Ball
2-2: Foul Ball, location: 2F
2-2: Strikes out swinging
Bottom of the 1st over - 1 run(s), 1 hit(s), 0 error(s), 1 left on base; Grim 0 - Manhatten 1
TOP OF THE 2ND
Grim Reapers batting - Pitching for Manhatten Meatheads : LHP Gerardo González
Batting: RHB Roberto Solís 0-0: Ball
1-0: Ground out 6-3 (Groundball, 6D)
Batting: RHB Gilbert Forbes 0-0: Ball
1-0: Bunt for hit - play at first, batter OUT! 1-3
Batting: RHB John Jones 0-0: Called Strike
0-1: Swinging Strike
0-2: Ball
1-2: Fly out, F8 (Flyball, 8LM)
Top of the 2nd over - 0 run(s), 0 hit(s), 0 error(s), 0 left on base; Grim 0 - Manhatten 1
BOTTOM OF THE 2ND
Manhatten Meatheads batting - Pitching for Grim Reapers : RHP Elijah Justice
Batting: LHB Brent Haynes 0-0: Ball
1-0: Foul Ball, location: 2F
1-1: Ball
2-1: Ball
3-1: Swinging Strike
3-2: Strikes out swinging
Batting: RHB Jeff Vickers 0-0: Ball
1-0: Ball
2-0: SINGLE (Line Drive, 6MD)
Batting: RHB José Esparza 0-0: Ball
1-0: Called Strike
1-1: Called Strike
1-2: Strikes out swinging
Batting: LHB Felipe Rivera 0-0: Ball
Jeff Vickers steals 2nd base
1-0: Ball
2-0: Ball
3-0: Base on Balls
Batting: SHB José Sousa 0-0: Ground out 3-1 (Groundball, 34S)
Bottom of the 2nd over - 0 run(s), 1 hit(s), 0 error(s), 2 left on base; Grim 0 - Manhatten 1
TOP OF THE 3RD
Grim Reapers batting - Pitching for Manhatten Meatheads : LHP Gerardo González
Batting: RHB Arthur Hopkins 0-0: Ball
1-0: Fly out, F8 (Line Drive, 8LD)
Batting: LHB Jesús Rojas 0-0: Ball
1-0: Called Strike
1-1: Swinging Strike
1-2: Strikes out looking
Batting: RHB Jeremiah Ward 0-0: Called Strike
0-1: Ball
1-1: Ball
2-1: Foul Ball, location: 2F
2-2: Foul Ball, location: 2F
2-2: Strikes out swinging
Top of the 3rd over - 0 run(s), 0 hit(s), 0 error(s), 0 left on base; Grim 0 - Manhatten 1
BOTTOM OF THE 3RD
Manhatten Meatheads batting - Pitching for Grim Reapers : RHP Elijah Justice
Batting: RHB George Green 0-0: Ball
1-0: Ball
2-0: Called Strike
2-1: Ball
3-1: SINGLE (Groundball, 6MD)
Batting: LHB Miguel Pérez 0-0: Ball
1-0: Fielders Choice at 2nd, 6-4 (Groundball, 56)
Batting: SHB António Ramírez 0-0: Foul Ball, location: 2F
0-1: Grounds into double play, 6-4-3 (Groundball, 6M)
Bottom of the 3rd over - 0 run(s), 1 hit(s), 0 error(s), 0 left on base; Grim 0 - Manhatten 1
TOP OF THE 4TH
Grim Reapers batting - Pitching for Manhatten Meatheads : LHP Gerardo González
Batting: RHB Micheal Banks 0-0: Ball
1-0: DOUBLE (Flyball, 78XD)
Batting: RHB Roberto Villela 0-0: Ball
1-0: Ball
2-0: Called Strike
2-1: Ground out 5-3 (Groundball, 56)
Batting: SHB Sean Moody 0-0: Called Strike
0-1: Called Strike
0-2: Strikes out looking
Batting: RHB Roberto Solís 0-0: Fly out, F8 (Flyball, 8RD)
Top of the 4th over - 0 run(s), 1 hit(s), 0 error(s), 1 left on base; Grim 0 - Manhatten 1
BOTTOM OF THE 4TH
Manhatten Meatheads batting - Pitching for Grim Reapers : RHP Elijah Justice
Batting: RHB Tim Bonner 0-0: Called Strike
0-1: Ball
1-1: Foul Ball, location: 2F
1-2: Fly out, F8 (Flyball, 8LD)
Batting: LHB Brent Haynes 0-0: Ball
1-0: Ground out 6-3 (Groundball, 6)
Batting: RHB Jeff Vickers 0-0: Called Strike
0-1: Ball
1-1: Called Strike
1-2: DOUBLE (Line Drive, 7LM)
Batting: RHB José Esparza 0-0: Ball
Wild Pitch!
Jeff Vickers to third
1-0: Ground out 5-3 (Groundball, 56)
Bottom of the 4th over - 0 run(s), 1 hit(s), 0 error(s), 1 left on base; Grim 0 - Manhatten 1
TOP OF THE 5TH
Grim Reapers batting - Pitching for Manhatten Meatheads : LHP Gerardo González
Batting: RHB Gilbert Forbes 0-0: Called Strike
0-1: Swinging Strike
0-2: Foul Ball, location: 2F
0-2: DOUBLE (Line Drive, 78D)
Batting: RHB John Jones 0-0: Foul Ball, location: 2F
0-1: Ball
1-1: Ball
2-1: Ball
3-1: Ground out 1-3 (Groundball, 13S)
Gilbert Forbes to third
Batting: RHB Arthur Hopkins 0-0: Foul Ball, location: 2F
0-1: Ball
1-1: Ball
2-1: Ball
3-1: Swinging Strike
3-2: Strikes out swinging
Batting: LHB Jesús Rojas 0-0: Ball
1-0: Ball
2-0: Called Strike
2-1: Ball
3-1: Fly out, F6 (Popup, 4MD)
Top of the 5th over - 0 run(s), 1 hit(s), 0 error(s), 1 left on base; Grim 0 - Manhatten 1
BOTTOM OF THE 5TH
Manhatten Meatheads batting - Pitching for Grim Reapers : RHP Elijah Justice
Batting: LHB Felipe Rivera 0-0: Ball
1-0: Ball
2-0: Called Strike
2-1: Ball
3-1: Foul Ball, location: 2F
3-2: Strikes out swinging
Batting: SHB José Sousa 0-0: Ball
1-0: Swinging Strike
1-1: Ball
2-1: Ball
3-1: Base on Balls
Batting: RHB George Green 0-0: Swinging Strike
0-1: Swinging Strike
0-2: Strikes out swinging
Batting: LHB Miguel Pérez 0-0: Ball
1-0: Foul Ball, location: 2F
1-1: Ball
2-1: Ground out U3 (Groundball, 34)
Bottom of the 5th over - 0 run(s), 0 hit(s), 0 error(s), 1 left on base; Grim 0 - Manhatten 1
TOP OF THE 6TH
Grim Reapers batting - Pitching for Manhatten Meatheads : LHP Gerardo González
Batting: RHB Jeremiah Ward 0-0: DOUBLE (Line Drive, 7LM)
Batting: RHB Micheal Banks 0-0: Foul Ball, location: 2F
0-1: Called Strike
0-2: Fly out, F8 (Flyball, 8RS)
Batting: RHB Roberto Villela 0-0: Foul Ball, location: 2F
0-1: Ball
1-1: DOUBLE (Line Drive, 7LD)
Jeremiah Ward scores
Batting: SHB Sean Moody 0-0: Called Strike
0-1: Ball
1-1: Ball
2-1: Swinging Strike
2-2: Foul Ball, location: 2F
2-2: Ball
3-2: Strikes out looking
Pitching: LHP Donald Joseph
Batting: RHB Roberto Solís 0-0: 2-RUN HOME RUN (Flyball, 78XD), Distance : 391 ft
Batting: RHB Gilbert Forbes 0-0: Ball
1-0: SINGLE (Line Drive, 8LS)
Batting: RHB John Jones 0-0: Ball
Gilbert Forbes is caught stealing 2nd base
Top of the 6th over - 3 run(s), 4 hit(s), 0 error(s), 0 left on base; Grim 3 - Manhatten 1
BOTTOM OF THE 6TH
Manhatten Meatheads batting - Pitching for Grim Reapers : RHP Elijah Justice
Batting: SHB António Ramírez 0-0: Ball
1-0: Ball
2-0: Called Strike
2-1: Foul Ball, location: 2F
2-2: Ball
3-2: Foul Ball, location: 2F
3-2: Strikes out swinging
Pitching: RHP Jeremiah Moran
Batting: RHB Tim Bonner 0-0: Foul Ball, location: 2F
0-1: Swinging Strike
0-2: Fly out, F7 (Flyball, 7LD)
Batting: LHB Brent Haynes 0-0: Ball
1-0: Called Strike
1-1: Ball
2-1: Called Strike
2-2: Strikes out looking
Bottom of the 6th over - 0 run(s), 0 hit(s), 0 error(s), 0 left on base; Grim 3 - Manhatten 1
TOP OF THE 7TH
Grim Reapers batting - Pitching for Manhatten Meatheads : LHP Donald Joseph
Batting: RHB John Jones 0-0: Foul Ball, location: 2F
0-1: SINGLE (Groundball, 4MD)
Batting: RHB Arthur Hopkins 0-0: Ball
1-0: Bunt missed!
1-1: Ball
2-1: Bunted foul
2-2: Strikes out swinging
Batting: LHB Jesús Rojas 0-0: Ball
1-0: SINGLE (Line Drive, 9S)
John Jones to second
Runner from 2nd tries for 3rd, SAFE, throw made to third
Jesús Rojas to second
Batting: RHB Jeremiah Ward 0-0: Ball
1-0: Foul Ball, location: 2F
1-1: Ball
2-1: Foul Ball, location: 2F
2-2: Ball
3-2: Strikes out swinging
Batting: RHB Micheal Banks 0-0: Called Strike
0-1: Foul Ball, location: 2F
0-2: Ball
1-2: Ball
2-2: Fly out, F6 (Popup, 15)
Top of the 7th over - 0 run(s), 2 hit(s), 0 error(s), 2 left on base; Grim 3 - Manhatten 1
BOTTOM OF THE 7TH
Manhatten Meatheads batting - Pitching for Grim Reapers : RHP Jeremiah Moran
Batting: RHB Jeff Vickers 0-0: Ball
1-0: Ball
2-0: Ground out 5-3 (Groundball, 5)
Batting: RHB José Esparza 0-0: Ground out 6-3 (Groundball, 6)
Batting: LHB Felipe Rivera 0-0: Ball
1-0: Ball
2-0: Called Strike
2-1: Ball
3-1: Base on Balls
Batting: SHB José Sousa 0-0: Ball
1-0: Ball
2-0: Called Strike
2-1: Ball
3-1: Base on Balls
Felipe Rivera to second
Batting: RHB George Green 0-0: Fly out, F7 (Flyball, 7S)
Bottom of the 7th over - 0 run(s), 0 hit(s), 0 error(s), 2 left on base; Grim 3 - Manhatten 1
TOP OF THE 8TH
Grim Reapers batting - Pitching for Manhatten Meatheads : LHP Donald Joseph
Batting: RHB Roberto Villela 0-0: Ball
1-0: Swinging Strike
1-1: Swinging Strike
1-2: Ball
2-2: Strikes out looking
Batting: SHB Sean Moody 0-0: Ball
1-0: Ball
2-0: Called Strike
2-1: Swinging Strike
2-2: Foul Ball, location: 2F
2-2: Foul Ball, location: 2F
2-2: Strikes out looking
Batting: RHB Roberto Solís 0-0: Ball
1-0: Ball
2-0: Called Strike
2-1: Foul Ball, location: 2F
2-2: SOLO HOME RUN (Flyball, 89XD), Distance : 387 ft
Batting: RHB Gilbert Forbes 0-0: Foul Ball, location: 2F
0-1: Foul Ball, location: 2F
0-2: Foul Ball, location: 2F
0-2: Ball
1-2: Foul Ball, location: 2F
1-2: Fly out, F8 (Flyball, 8RM)
Top of the 8th over - 1 run(s), 1 hit(s), 0 error(s), 0 left on base; Grim 4 - Manhatten 1
BOTTOM OF THE 8TH
Manhatten Meatheads batting - Pitching for Grim Reapers : RHP Jeremiah Moran
Batting: LHB Miguel Pérez 0-0: Ground out 6-3 (Groundball, 6)
Batting: SHB António Ramírez 0-0: Called Strike
0-1: Called Strike
0-2: Strikes out looking
Batting: RHB Tim Bonner 0-0: Called Strike
0-1: Foul Ball, location: 2F
0-2: Ball
1-2: Strikes out swinging
Bottom of the 8th over - 0 run(s), 0 hit(s), 0 error(s), 0 left on base; Grim 4 - Manhatten 1
TOP OF THE 9TH
Grim Reapers batting - Pitching for Manhatten Meatheads : LHP Donald Joseph
Pitching: LHP Anthony Robinson
Batting: RHB John Jones 0-0: SINGLE (Line Drive, 56D)
Batting: RHB Arthur Hopkins 0-0: Ball
1-0: Bunted foul
1-1: Bunted foul
1-2: Ball
2-2: Ball
3-2: Foul Ball, location: 2F
3-2: Base on Balls
John Jones to second
Batting: LHB Jesús Rojas 0-0: Ball
1-0: Sac Bunt - play at first, batter OUT! 1-3
John Jones to third
Arthur Hopkins to second
Batting: RHB Jeremiah Ward 0-0: Swinging Strike
0-1: Foul Ball, location: 2F
0-2: Foul Ball, location: 2F
0-2: Ball
1-2: Fly out, F9 (Flyball, 9S)
Batting: RHB Micheal Banks 0-0: Ball
1-0: Called Strike
1-1: Ground out 5-3 (Groundball, 5L)
Top of the 9th over - 0 run(s), 1 hit(s), 0 error(s), 2 left on base; Grim 4 - Manhatten 1
BOTTOM OF THE 9TH
Manhatten Meatheads batting - Pitching for Grim Reapers : RHP Jeremiah Moran
Pitching: RHP Roger Coulombe
Batting: LHB Brent Haynes 0-0: Ball
1-0: Ball
2-0: Ball
3-0: Called Strike
3-1: SINGLE (Groundball, 34D)
Batting: RHB Jeff Vickers 0-0: SINGLE (Groundball, 56S) (infield hit)
Brent Haynes to second
Pinch Hitting: RHB Ramiro Santana 0-0: Called Strike
0-1: Ball
1-1: Foul Ball, location: 2F
1-2: DOUBLE (Flyball, 7LM)
Brent Haynes scores
Jeff Vickers to third
Batting: LHB Felipe Rivera 0-0: Foul Ball, location: 2F
0-1: Ball
1-1: Called Strike
1-2: Ground out U3 (Groundball, 3L)
Batting: SHB José Sousa 0-0: Called Strike
0-1: Ball
1-1: Called Strike
1-2: Ball
2-2: Ball
Wild Pitch!
Jeff Vickers scores
Ramiro Santana to third
3-2: Base on Balls
Pitching: RHP Joe Bell
Batting: RHB George Green 0-0: Reached on error, E6 (Groundball, 56)
Ramiro Santana scores
José Sousa to second
Batting: LHB Miguel Pérez 0-0: Ball
1-0: Ball
2-0: Called Strike
2-1: Foul Ball, location: 2F
2-2: Strikes out swinging
Batting: SHB António Ramírez 0-0: Reached on error, E5 (Groundball, 56S)
José Sousa scores
Tuesday, August 8th, 2017 - OOTP Baseball 17.12 Build 75